 Dungeon Crawl Stone Soup version 0.31-a0-833-gc15d34cb79 (webtiles) character file.

Game seed: 2933806565836433278

2817 wildpjah the Thaumaturge (level 9, -4/47 HPs)
             Began as a Deep Elf Conjurer on Sept 25, 2023.
             Was a Follower of Sif Muna.
             Shot with a sling bullet by Joseph (14 damage)
             ... on level 8 of the Dungeon on Sept 28, 2023.
             The game lasted 00:26:04 (8872 turns).

wildpjah the Thaumaturge (Deep Elf Conjurer)        Turns: 8872, Time: 00:26:04

Health: -4/47      AC:  8    Str:  2 (3)  XL:     9   Next: 44%
Magic:  18/26      EV: 11    Int: 27      God:    Sif Muna [*.....]
Gold:   426        SH:  0    Dex: 17      Spells: 18/30 levels left

rFire   + . .        u - +3 quarterstaff (chaos)
rCold   . . .        (shield currently unavailable)
rNeg    . . .        o - +0 troll leather armour {Pargi}
rPois   .            C - +0 helmet
rElec   .            v - +0 cloak
rCorr   .            q - +0 pair of gloves
SInv    .            i - +0 pair of boots
Will    .....        (no amulet)
Stlth   +++          (no ring)
HPRegen 1.07/turn    (no ring)
MPRegen 0.20/turn

%: no passive effects
@: studying Unarmed Combat
A: agile 1, fire resistance 1
a: Renounce Religion, Channel Magic


You were on level 8 of the Dungeon.
You worshipped Sif Muna.
Sif Muna was aware of your devotion.
You visited 2 branches of the dungeon, and saw 9 of its levels.
You also visited: Ossuary.

You collected 426 gold pieces.

Inventory:

Hand Weapons
 m - a +3 flail of draining
 u - a +3 quarterstaff of chaos (weapon)
Armour
 i - a +0 pair of boots (worn)
 o - a +0 troll leather armour (worn) {Pargi}
 q - a +0 pair of gloves (worn)
 v - a +0 cloak (worn)
 C - a +0 helmet (worn)
Wands
 a - a wand of paralysis (4)
 s - a wand of flame (4)
Scrolls
 e - 7 scrolls of identify
 g - a scroll of butterflies {unknown}
 h - a scroll of fog
 j - 3 scrolls of revelation
 l - 2 scrolls of immolation
 w - a scroll of amnesia
Potions
 b - a potion of magic
 c - a potion of heal wounds
 d - a potion of mutation
 f - 2 potions of attraction
 k - 2 potions of curing
 r - 2 potions of might


   Skills:
 + Level 1.5 Fighting
 + Level 0.4(1.2) Maces & Flails
 + Level 2.5(2.6) Staves
 + Level 3.3 Armour
 + Level 3.6 Dodging
 + Level 4.7 Stealth
 + Level 11.0 Spellcasting
 + Level 9.2 Conjurations
 + Level 0.4 Hexes
 + Level 0.8 Ice Magic


You had 18 spell levels left.
You knew the following spells:

 Your Spells              Type           Power      Damage    Failure   Level
a - Magic Dart            Conj           100%       1d8       1%          1
b - Searing Ray           Conj           100%       2d8       1%          2
c - Ensorcelled Hibernat  Hex/Ice        36%        N/A       10%         2
d - Dazzling Flash        Conj/Hex       82%        N/A       3%          3
e - Fulminant Prism       Conj/Hex       20%        3d12      11%         4

Your spell library contained the following spells:

 Spells                   Type           Power      Damage    Failure   Level
 Sting                    Tmut/Pois      56%        1d5       9%          1
 Jinxbite                 Hex            34%        N/A       11%         2
 Cigotuvi's Dreadful Rot  Necr/Pois/Air  28%        N/A       12%         2
 Poisonous Vapours        Pois/Air       28%        N/A       12%         2
 Iskenderun's Mystic Bla  Conj/Tloc      39%        2d9       12%         4
 Ozocubu's Armour         Ice            19%        N/A       19%         3
 Gell's Gravitas          Tloc           14%        N/A       24%         3
 Ignite Poison            Fire/Tmut/Pois 14%        N/A       24%         3
 Teleport Other           Tloc           14%        N/A       24%         3
 Freezing Cloud           Conj/Ice/Air   16%        6-21      50%         5
 Anguish                  Hex/Necr       8%         N/A       58%         4
 Animate Dead             Necr           14%        N/A       63%         4
 Olgreb's Toxic Radiance  Pois           14%        N/A       63%         4
 Metabolic Englaciation   Hex/Ice        9%         N/A       87%         5
 Silence                  Hex/Air        8%         N/A       90%         5
 Agony                    Necr           14%        N/A       92%         5
 Borgnjor's Vile Clutch   Necr/Erth      7%         N/A       92%         5
 Death Channel            Necr           7%         N/A       100%        6
 Dispersal                Tloc           7%         N/A       100%        6
 Simulacrum               Ice/Necr       8%         N/A       100%        6


Dungeon Overview and Level Annotations

Branches:
Dungeon (8/15)             Temple (1/1) D:6         Ossuary (visited)
   Lair: D:8-11

Altars:
Ashenzari
Cheibriados
Dithmenos
Elyvilon
Fedhas
Gozag
Hepliaklqana
Kikubaaqudgha
Makhleb
Nemelex Xobeh
Qazlal
Ru
Sif Muna
Trog
Uskayaw
Vehumet
Wu Jian
Xom
Yredelemnul
Zin
The Shining One

Shops:
D:5 =

Annotations:
D:8 Joseph


Innate Abilities, Weirdness & Mutations

You are agile. (Dex +4, Str/Int -1)
Your flesh is heat resistant. (rF+)


Message History

Found 11 gold pieces.
You now have 426 gold pieces (gained 11).
Casting: Ensorcelled Hibernation (safe; 10% risk of failure)
Confirm with . or Enter, or press ? or * to list all spells.
Aiming: Fulminant Prism (quite dangerous; 11% risk of failure)
Press: ? - help, Dir - move target You conjure a prism of explosive energy!
Joseph shouts!
A fulminant prism comes into view.
Joseph hits your fulminant prism with a +0 quarterstaff!!
Your fulminant prism detonates feebly.
Casting: Fulminant Prism (quite dangerous; 11% risk of failure)
Confirm with . or Enter, or press ? or * to list all spells.
Aiming: Fulminant Prism (quite dangerous; 11% risk of failure)
Press: ? - help, Dir - move target You conjure a prism of explosive energy!
A fulminant prism comes into view.
Joseph unwields a +0 quarterstaff.
Joseph wields a +0 sling.
Joseph shoots a sling bullet.
The sling bullet hits you!
Casting: Fulminant Prism (quite dangerous; 11% risk of failure)
Confirm with . or Enter, or press ? or * to list all spells.
You can't see any susceptible monsters within range! (Use Z to cast anyway.)
Casting: Fulminant Prism (quite dangerous; 11% risk of failure)
Confirm with . or Enter, or press ? or * to list all spells.
Okay, then.
Your fulminant prism crackles loudly.
Aiming: Magic Dart (safe; 1% risk of failure)
Press: ? - help, Q - select action, (/) - cycle Shift-Dir - straight line, f - Joseph
Aim: Joseph, wielding a +0 sling and wearing a +0 ring mail (ally target, 100% to hit)
The magic dart hits Joseph.
Joseph is lightly wounded.
Joseph shoots a sling bullet.
The sling bullet hits you!
Your fulminant prism explodes!
The blast of energy engulfs Joseph!
Joseph is lightly wounded.
You hear a shout! x2
Joseph shoots a sling bullet.
The sling bullet hits you!
* * * LOW HITPOINT WARNING * * *
Joseph shoots a sling bullet.
The sling bullet hits you!
You die...

###########
..........##
.#######.#.##
####.@##.##
#.......##.#
#.###...#.####
.............#
...###@.####.#
#..# #.# #..#
##.##
#..###...#########
#..#..............


You could see Joseph.

Vanquished Creatures
  Grinder (D:4)
  A wraith (D:7)
  Eustachio (D:4)
  Pargi (D:3)
  An ice beast (D:6)
  An orc warrior (D:7)
  4 black bears
  2 sky beasts (D:7)
  An ogre (D:6)
  A centaur (D:6)
  Blork the orc (D:4)
  2 gnoll sergeants (D:7)
  A scorpion (D:6)
  A water moccasin zombie (Ossuary)
  A killer bee (D:7)
  4 howler monkeys (D:7)
  2 jellies
  3 hounds
  2 orc priests
  Crazy Yiuf (D:4)
  4 iguanas
  Ijyb (D:3)
  5 orc wizards
  2 mummies (Ossuary)
  9 gnolls
  6 adders
  3 white imps (D:6)
  2 ufetubi
  5 adder zombies (Ossuary)
  3 dart slugs
  22 orcs
  10 ball pythons
  10 endoplasms
  5 giant cockroaches
  8 goblins
  4 hobgoblins
  7 jackals
  A quokka (D:1)
  7 bats
  3 frilled lizards
  6 gnoll zombies (Ossuary)
  6 hobgoblin zombies (Ossuary)
  7 kobolds
  6 kobold zombies (Ossuary)
  6 orc zombies (Ossuary)
  3 rats
183 creatures vanquished.

Vanquished Creatures (others)
  3 fulminant prisms (D:8)
3 creatures vanquished.

Grand Total: 186 creatures vanquished

Notes
Turn   | Place    | Note
-------+----------+-------------------------------------------
     0 | D:1      | wildpjah the Deep Elf Conjurer began the quest for the Orb.
     0 | D:1      | Reached XP level 1. HP: 10/10 MP: 6/6
   141 | D:1      | Reached XP level 2. HP: 15/15 MP: 5/8
   258 | D:1      | Reached skill level 5 in Conjurations
   437 | D:1      | Learned a level 2 spell: Searing Ray
   783 | D:1      | Reached XP level 3. HP: 19/19 MP: 6/9
  1757 | D:2      | Learned a level 2 spell: Ensorcelled Hibernation
  2189 | D:2      | Reached XP level 4. HP: 24/24 MP: 9/11
  2461 | D:3      | Reached skill level 4 in Spellcasting
  2614 | D:3      | Reached skill level 5 in Spellcasting
  2816 | D:3      | Reached XP level 5. HP: 28/28 MP: 12/14
  2915 | D:3      | Noticed Pargi
  2922 | D:3      | Killed Pargi
  3005 | D:3      | Noticed Ijyb
  3012 | D:3      | Killed Ijyb
  3249 | D:3      | Reached XP level 6. HP: 32/32 MP: 14/16
  3296 | D:3      | Found a burning altar of Makhleb.
  3330 | D:3      | Learned a level 3 spell: Dazzling Flash
  3482 | D:4      | Reached skill level 6 in Spellcasting
  3543 | D:4      | Found an ornate altar of the Wu Jian Council.
  3678 | D:4      | Noticed Blork the orc
  3685 | D:4      | Killed Blork the orc
  3746 | D:4      | Reached skill level 7 in Spellcasting
  3746 | D:4      | Reached XP level 7. HP: 36/36 MP: 5/19
  3841 | D:4      | Found a bloodstained altar of Trog.
  3878 | D:4      | Found a hide-covered altar of Uskayaw.
  3903 | D:4      | Noticed Grinder
  3913 | D:4      | Killed Grinder
  3914 | D:4      | Reached skill level 1 in Armour
  4215 | D:4      | Noticed Eustachio
  4234 | D:4      | Killed Eustachio
  4235 | D:4      | Reached skill level 8 in Spellcasting
  4558 | D:4      | Found a runed translucent door.
  4559 | D:4      | Noticed Crazy Yiuf
  4565 | D:4      | Killed Crazy Yiuf
  4612 | D:5      | Entered Level 5 of the Dungeon
  4700 | D:5      | Found an opulent altar of Gozag.
  4701 | D:5      | Found Sueqad's Jewellery Shoppe.
  4705 | D:5      | Found a sand-covered staircase.
  4710 | Ossuary  | Entered an ossuary
  4717 | Ossuary  | Reached XP level 8. HP: 42/42 MP: 17/22
  5478 | D:5      | Found a shadowy altar of Dithmenos.
  6166 | D:6      | Reached skill level 9 in Spellcasting
  6390 | D:6      | Found a staircase to the Ecumenical Temple.
  6400 | Temple   | Entered the Ecumenical Temple
  6422 | Temple   | Became a worshipper of Sif Muna the Loreminder
  6457 | D:6      | Reached skill level 1 in Fighting
  6513 | D:6      | Reached skill level 1 in Staves
  6701 | D:6      | Found a radiant altar of Vehumet.
  6707 | D:6      | Found a stormy altar of Qazlal.
  6783 | D:6      | Reached skill level 10 in Spellcasting
  7188 | D:6      | Gained mutation: Your flesh is heat resistant. (rF+)
                  | [potion of mutation]
  7188 | D:6      | Gained mutation: You are agile. (Dex +4, Str/Int -1)
                  | [potion of mutation]
  7452 | D:7      | Found a broken altar of Ashenzari.
  7593 | D:7      | Reached XP level 9. HP: 47/47 MP: 14/25
  7948 | D:7      | Reached * piety under Sif Muna
  8500 | D:7      | Reached skill level 11 in Spellcasting
  8734 | D:8      | Learned a level 4 spell: Fulminant Prism
  8846 | D:8      | Noticed an ice devil
  8847 | D:8      | Noticed Joseph
  8872 | D:8      | Shot with a sling bullet by Joseph

Illustrated notes

Levels and vault maps discovered:
D:1:      nicolae_arrival_washed_ashore, layout_basic, skrybe_limestone_x,
          dreamdust_princess_bridge, nicolae_figureground_sparkle
D:2:      layout_basic, serial_curves, eino_curves_01, eino_curves_03
D:3:      layout_basic, bloody_makhleb, nicolae_grassy_gnolls, uniq_pargi,
          uniq_ijyb
D:4:      layout_gridville, trog_ov_bears_minmay, mainiacjoe_overflow_chevrons,
          mainiacjoe_overflow_concentric_impassable, serial_glass,
          glass_columns_a, glass_columns_b, roderic_serpentine_path,
          uniq_blork_the_orc, uniq_eustachio, uniq_crazy_yiuf_cottage,
          uniq_grinder
D:5:      layout_basic, grunt_dithmenos_smoke_and_mirrors,
          mainiacjoe_overflow_catwalk, serial_shops, shop, enter_ossuary_2,
          minivault_1
D:6:      layout_loops_ring, grunt_temple_overflow_open,
          minmay_temple_entry_proselytizer
D:7:      layout_cave_pods, mainiacjoe_overflow_alcove_4, minmay_manual_mail
D:8:      cheibrodos_frozen_isle, layout_loops_ring,
          minmay_guarded_unrand_finisher, uniq_joseph
Temple:   hellmonk_temple_two_chambers

Skill      XL: |  1  2  3  4  5  6  7  8  9 |
---------------+----------------------------+-----
Conjurations   | 5 6 7 8 9 |  9.2
Spellcasting   | 5 7 8 10 11 | 11.0
Stealth        | 3 4 |  4.7
Armour         | 2 3 |  3.3
Dodging        | 3 |  3.6
Fighting       | 1 |  1.5
Staves         | 1 2 |  2.5
Maces & Flails | |  0.4
Hexes          | |  0.4
Ice Magic      | |  0.8

Action                     |  1- 3 |  4- 6 |  7- 9 || total
---------------------------+-------+-------+-------++-------
  Melee: Club              |     6 |     1 |       ||     7
         Quarterstaff      |       |       |    25 ||    25
   Cast: Magic Dart        |    82 |    33 |    98 ||   213
         Searing Ray       |       |    11 |    63 ||    74
         Ensorcelled Hiber |       |     2 |       ||     2
         Fulminant Prism   |       |       |     3 ||     3
    Use: Scroll            |       |       |     8 ||     8
         Potion            |       |       |    11 ||    11
 Armour: Robe              |     5 |    10 |       ||    15
         Troll leather arm |       |     5 |    82 ||    87
         Skin              |       |       |     1 ||     1
  Dodge: Dodged            |     7 |     9 |    52 ||    68
         Form:             |       |       |     1 ||     1
         Anaconda          |       |       |     1 ||     1

Table legend: (Time is in decaauts)
 A = Elapsed time spent in this place.
 B = Non-inter-level travel time spent in this place.
 C = Inter-level travel time spent in this place.
 D = Time resting spent in this place.
 E = Time spent auto-exploring this place.
 F = Levels seen in this place.
 G = Mean time per level.
                   A        B        C        D        E       F      G
               +--------+--------+--------+--------+--------+-----+--------+
         Total |   8896 |   8587 |    309 |      0 |   7605 |  10 |  889.6 |
       Dungeon |   8493 |   8200 |    293 |      0 |   7308 |   8 | 1061.6 |
        Temple |     39 |     23 |     16 |      0 |     13 |   1 |   39.0 |
       Ossuary |    364 |    364 |      0 |      0 |    284 |   1 |  364.0 |
               +--------+--------+--------+--------+--------+-----+--------+

Top non-repeatable levels by time:
     D:1: 1446 daAuts
     D:7: 1398 daAuts
     D:4: 1154 daAuts
     D:5: 1142 daAuts
     D:6: 1098 daAuts
     D:3: 1005 daAuts
     D:2: 1005 daAuts
 Ossuary: 364 daAuts
     D:8: 241 daAuts
  Temple: 39 daAuts
